 Dungeon Crawl Stone Soup version 0.22-a0-539-gfbd9004e3f (webtiles) character file.

2933 JackS81 the Carver (level 9, -2/75 HPs)
             Began as a Minotaur Gladiator on June 24, 2018.
             Was a Believer of Okawaru.
             Slain by an orc warrior
             ... wielding a +0 glaive
              (23 damage)
             ... in a bailey.
             The game lasted 00:24:31 (6072 turns).

JackS81 the Carver (Minotaur Gladiator)             Turns: 6072, Time: 00:24:32

Health: -2/75      AC: 12    Str: 18    XL:     9   Next: 51%
Magic:  8/8        EV: 30    Int:  5    God:    Okawaru [**....]
Gold:   374        SH:  0    Dex: 16    Spells: 8/8 levels left

rFire    . . .     SeeInvis .   a - +0 long sword
rCold    . . .     Gourm    .   (no shield)
rNeg     . . .     Faith    .   x - +0 ring mail
rPois    +         Spirit   .   c - +0 hat
rElec    .         Reflect  .   K - +0 cloak {rPois}
rCorr    .         Harm     .   (no gloves)
MR       +....                  (no boots)
Stlth    +.........             U - amulet of the acrobat
HPRegen  0.22/turn              y - ring of protection from magic
MPRegen  0.11/turn              j - +5 ring of protection

@: no status effects
A: retaliatory headbutt, horns 2
a: Heroism, Renounce Religion


You were in a bailey.
You worshipped Okawaru.
Okawaru was pleased with you.
You were not hungry.

You visited 2 branches of the dungeon, and saw 9 of its levels.
You also visited: Bailey.

You collected 374 gold pieces.

Inventory:

Hand Weapons
 a - a +0 long sword (weapon)
 R - a +0 shortbow
Missiles
 d - a throwing net (quivered)
 e - 224 stones
 n - 12 poisoned needles
 o - 162 arrows
 p - 68 bolts
 C - 5 needles of sleeping
 E - 77 sling bullets
 S - 57 tomahawks of returning
Armour
 b - a +0 leather armour
 c - a +0 hat (worn)
 x - a +0 ring mail (worn)
 D - a +0 plate armour
 K - a +0 cloak of poison resistance (worn)
Jewellery
 j - a +5 ring of protection (right hand)
 l - an uncursed amulet of regeneration
 s - a +4 ring of strength
 y - a ring of protection from magic (left hand)
 B - an uncursed ring of resist corrosion
 T - a +3 ring of evasion
 U - an amulet of the acrobat (around neck)
Wands
 r - a wand of acid (19)
 H - a wand of paralysis (18)
 Q - a wand of random effects (37)
 W - a wand of polymorph (10)
Scrolls
 m - 3 scrolls of remove curse
 u - 2 scrolls of enchant armour {unknown}
 v - a scroll of amnesia {unknown}
 A - a scroll of random uselessness {unknown}
 G - a scroll of magic mapping {unknown}
 I - a scroll of teleportation {unknown}
 L - 2 scrolls of identify
 M - a scroll of fear {unknown}
 P - 4 scrolls of fog {unknown}
 V - a scroll of immolation {unknown}
Potions
 g - 2 potions of resistance
 h - 14 potions of curing {unknown}
 i - a potion of cancellation {unknown}
 k - a potion of invisibility
 q - a potion of flight {unknown}
 t - a potion of brilliance {unknown}
 w - 6 potions of magic {unknown}
 z - 3 potions of degeneration {unknown}
 F - a potion of heal wounds {unknown}
 J - 2 potions of haste {unknown}
 N - a potion of lignification {unknown}
 O - 2 potions of berserk rage
 Y - a potion of mutation {unknown}
 Z - a potion of experience {unknown}
Comestibles
 f - 11 rations
 X - 19 chunks of flesh


   Skills:
 * Level 5.8 Fighting
 * Level 12.4 Long Blades
 - Level 2.0 Throwing
 + Level 5.9 Armour
 * Level 6.2 Dodging


You had 8 spell levels left.
You didn't know any spells.
Your spell library was empty.

Dungeon Overview and Level Annotations

Branches:
Dungeon (8/15)             Temple (1/1) D:5
   Lair: D:8-11

Altars:
Cheibriados
Elyvilon
Fedhas
Gozag
Hepliaklqana
Kikubaaqudgha
Makhleb
Nemelex Xobeh
Okawaru
Qazlal
Ru
Sif Muna
Trog
Uskayaw
Vehumet
Wu Jian
Xom
Yredelemnul
Zin
The Shining One


Innate Abilities, Weirdness & Mutations

You reflexively headbutt those who attack you in melee.
You have a pair of horns on your head.


Message History

You hit the gnoll but do no damage.
The gnoll is moderately wounded.
The gnoll hits you from afar with a halberd!
The gnoll hits you but does no damage. The orc warrior barely misses you.
You are too injured to fight recklessly!
You are too injured to fight recklessly!
You are too injured to fight recklessly!
There is an open door here.
The gnoll misses you. The orc warrior completely misses you.
There is an open door here.
You hit the gnoll.
The gnoll is severely wounded.
The gnoll barely misses you.
You riposte.
You slash the gnoll!
You kill the gnoll!
Okawaru accepts your kill.
The orc warrior hits you from afar with a glaive!
The gnoll hits you from afar with a halberd.
* * * LOW HITPOINT WARNING * * *
The orc warrior hits you with a glaive!!
You die...

##...††## ##....†
###....†#####.....
#.'..)..).#.'..∩÷÷
###.....#####.....
##.....# ##.....
##'##'##'###'##'##
#.###.# #.#)###.##
#'# ### #### ###
#@###.# #.#g#
##o##)##'# #'#
##g....# #!
###..†).###
#.'..⌠..'.#
###..†).###
#.....## #'##'##)#
#.# #.###.'.#


You could see an orc warrior and a gnoll.

Vanquished Creatures
  A hippogriff (D:7)
  A hungry ghost (D:6)
  Menkaure (D:4)
  Edmund (D:5)
  A water moccasin (D:5)
  A black bear (D:7)
  2 orc warriors
  2 ice beasts
  An ogre (D:5)
  3 centaurs (D:6)
  4 bullfrogs
  3 scorpions
  2 howler monkeys (D:7)
  2 crimson imps
  A quasit (D:7)
  An orc priest (D:7)
  2 hounds
  Crazy Yiuf (D:4)
  A bullfrog skeleton (D:7)
  A centaur skeleton (D:4)
  An iguana (D:6)
  6 orc wizards
  4 worker ants
  A hound skeleton (D:5)
  A worker ant zombie (D:7)
  Robin (D:4)
  14 gnolls
  A howler monkey skeleton (D:6)
  10 adders
  An adder skeleton (D:6)
  3 worms (D:3)
  A dart slug (D:1)
  5 leopard geckos
  25 orcs
  7 bats
  2 giant cockroaches
  12 goblins
  19 hobgoblins
  7 jackals
  18 kobolds
  6 quokkas
  6 ball pythons
  5 frilled lizards
  A jackal skeleton (D:6)
  A leopard gecko skeleton (D:6)
  A leopard gecko zombie (D:7)
  8 rats
199 creatures vanquished.

Vanquished Creatures (others)
  A quokka (D:5)
1 creature vanquished.

Grand Total: 200 creatures vanquished

Notes
Turn   | Place    | Note
-------+----------+-------------------------------------------
     0 | D:1      | JackS81 the Minotaur Gladiator began the quest for the Orb.
     0 | D:1      | Reached XP level 1. HP: 18/18 MP: 0/0
    48 | D:1      | Reached skill level 4 in Long Blades
   130 | D:1      | Reached XP level 2. HP: 5/25 MP: 1/1
   953 | D:2      | Reached skill level 5 in Long Blades
   953 | D:2      | Reached XP level 3. HP: 30/30 MP: 2/2
  1103 | D:2      | Reached skill level 1 in Armour
  1103 | D:2      | Reached XP level 4. HP: 36/37 MP: 3/3
  1234 | D:2      | You fall through a shaft!
  1719 | D:3      | Reached skill level 6 in Long Blades
  1724 | D:3      | Reached XP level 5. HP: 37/42 MP: 4/4
  2058 | D:3      | Found a burning altar of Makhleb.
  2060 | D:3      | Found a basalt altar of Yredelemnul.
  2060 | D:3      | Found a hide-covered altar of Uskayaw.
  2062 | D:3      | Found a sacrificial altar of Ru.
  2062 | D:3      | Found a shimmering altar of Xom.
  2062 | D:3      | Found a shimmering altar of Xom.
  2470 | D:4      | Noticed Menkaure
  2482 | D:4      | Killed Menkaure
  2482 | D:4      | Reached skill level 7 in Long Blades
  2482 | D:4      | Reached XP level 6. HP: 29/51 MP: 5/5
  2584 | D:4      | Noticed Robin
  2685 | D:4      | Found a deep blue altar of Sif Muna.
  2711 | D:4      | Killed Robin
  2783 | D:4      | Reached skill level 8 in Long Blades
  2783 | D:4      | Reached XP level 7. HP: 51/57 MP: 6/6
  3015 | D:4      | Found a runed door.
  3019 | D:4      | Noticed Crazy Yiuf
  3026 | D:4      | Killed Crazy Yiuf
  3504 | D:5      | Entered Level 5 of the Dungeon
  3571 | D:5      | Reached skill level 9 in Long Blades
  3723 | D:5      | Noticed Edmund
  3734 | D:5      | Killed Edmund
  3734 | D:5      | Reached XP level 8. HP: 66/66 MP: 7/7
  3753 | D:5      | Found a staircase to the Ecumenical Temple.
  3771 | Temple   | Entered the Ecumenical Temple
  3912 | Temple   | Became a worshipper of Warmaster Okawaru
  4142 | D:5      | Reached skill level 10 in Long Blades
  4190 | D:5      | Found a sacrificial altar of Ru.
  4273 | D:5      | Found a stormy altar of Qazlal.
  4315 | D:5      | Reached skill level 5 in Dodging
  4321 | D:5      | Found a white marble altar of Elyvilon.
  4486 | D:6      | Reached skill level 5 in Armour
  4556 | D:6      | Reached * piety under Okawaru
  4631 | D:6      | Found a hide-covered altar of Uskayaw.
  4669 | D:6      | Reached skill level 11 in Long Blades
  4864 | D:6      | Reached skill level 5 in Fighting
  4864 | D:6      | Reached XP level 9. HP: 72/74 MP: 8/8
  5185 | D:7      | Reached skill level 12 in Long Blades
  5514 | D:7      | Reached ** piety under Okawaru
  5810 | D:8      | Found a flagged portal.
  5823 | Bailey   | Entered a bailey
  6072 | Bailey   | Slain by an orc warrior

Vault maps used:
D:1:      dpeg_arrival_leaves_temple_mockup
D:2:      minmay_tetromino_s2
D:3:      doesnt_xom_only_xom, cheibrodos_sewer_entry_bend, first_ration
D:4:      kennysheep_mini_moat, chequers_big_river, uniq_robin, uniq_menkaure,
          uniq_crazy_yiuf_cottage
D:5:      nicolae_ru_great_annihilating_truth, elyvilon_altar_4,
          minmay_temple_entry_statues_pillars, grunt_qazlal_clouds, uniq_edmund
D:6:      nicolae_overflow_hidden_temple
D:8:      enter_bailey_8, hangedman_pestilent_swarm
Temple:   regret_index_temple_waves
Bailey:   bailey_axe_2, bailey

Skill      XL: |  1  2  3  4  5  6  7  8  9 |
---------------+----------------------------+-----
Long Blades    | 4 5 6 7 8 9 11 12 | 12.4
Armour         | 1 2 3 4 5 |  5.9
Fighting       | 3 5 |  5.8
Dodging        | 4 5 6 |  6.2
Throwing       | |  2.0

Action                   |  1- 3 |  4- 6 |  7- 9 || total
-------------------------+-------+-------+-------++-------
Melee: Long sword        |    56 |   113 |   271 ||   440
       Headbutt          |     9 |    26 |    71 ||   106
Throw: Throwing net      |       |     2 |     1 ||     3
  Use: Scroll            |       |     2 |     2 ||     4
       Potion            |       |     1 |       ||     1
 Stab: Held in net/web   |       |       |     2 ||     2
       Paralysed         |       |       |     2 ||     2
  Eat: Chunk             |     1 |     5 |     9 ||    15
       Ration            |       |       |     2 ||     2
Armor: Leather armour    |    16 |    11 |       ||    27
       Ring mail         |       |    30 |    92 ||   122
Dodge: Dodged            |    41 |    79 |   254 ||   374
       Rpst.: Long sword |    15 |    25 |    49 ||    89

Table legend:
 A = Spawn XP
 B = Non-spawn XP
 C = Spawn XP percentage of total XP
 D = Spawn monster count
 E = Non-spawn monster count
 F = Spawn count percentage of total count
 G = Total turns spent on level
                    A         B        C        D         E        F      G
               +---------+---------+-------+---------+---------+-------+---------
         Total |       0 |    4191 |   0.0 |       0 |     199 |   0.0 |  6072
               +---------+---------+-------+---------+---------+-------+---------
           D:1 |       0 |      28 |   0.0 |       0 |      17 |   0.0 |   950
           D:2 |       0 |     110 |   0.0 |       0 |      24 |   0.0 |   648
           D:3 |       0 |     117 |   0.0 |       0 |      32 |   0.0 |   869
           D:4 |       0 |     650 |   0.0 |       0 |      31 |   0.0 |  1206
           D:5 |       0 |    1015 |   0.0 |       0 |      20 |   0.0 |   596
           D:6 |       0 |     962 |   0.0 |       0 |      24 |   0.0 |   458
           D:7 |       0 |    1091 |   0.0 |       0 |      21 |   0.0 |   861
           D:8 |       0 |      32 |   0.0 |       0 |       1 |   0.0 |    66
        Bailey |       0 |     186 |   0.0 |       0 |      29 |   0.0 |   249
               +---------+---------+-------+---------+---------+-------+---------
